AoeStats
← Noir_Angel

Oasis

509921849Analyzed
2v2 RM · 3d ago on Sep 28, 2026· 41m 47s· 4 players
Game mode
Random Map
Map size
Medium (4 player)
Population
200
Speed
Normal
Resources
Standard
Victory
Conquest
Starting age
Dark Age
Ending age
Imperial Age
RankedLock teamsTeams togetherTeam positionsShared explorationLock speedFull tech treeHidden civsTurbo modeCheats
Victory
Defeat
🇩🇪 Romans · Germany
1111
+17
🇩🇪 Aztecs · Germany
1106
+18
🇩🇪 Varangians · Germany
1151
-18
🇩🇪 Saxons · Germany
1128
-17
SchmirgirglBene
7:14 Loom
10:56 Feudal Age
15:53 Castle Age
14:11 Horse Collar
14:26 Double-Bit Axe
14:35 Horse Collar
16:03 Scale Mail Armor
16:13 Forging
23:46 Wheelbarrow
24:34 Sanctity
24:35 Fletching
27:21 Bodkin Arrow
27:27 Padded Archer Armor
31:38 Imperial Age
30:14 Elite Skirmisher
32:07 Leather Archer Armor
32:13 Bow Saw
32:48 Bracer
33:31 Atlatl
34:51 Ballistics
35:31 Chemistry
38:34 Chain Mail Armor
38:54 Iron Casting
39:26 Heavy Plow
40:44 Plate Mail Armor
42:43 Blast Furnace
42:32 Garland Wars
cheechi chong
7:23 Loom
9:59 Feudal Age
10:50 Double-Bit Axe
11:57 Horse Collar
12:47 Man-at-Arms
15:38 Scale Mail Armor
18:59 Castle Age
18:14 Forging
18:17 Gold Mining
19:01 Long Swordsman
19:41 Squires
20:09 Bow Saw
21:24 Chain Mail Armor
22:43 Stone Mining
23:44 Heavy Plow
23:45 Fletching
24:33 Pikeman
29:01 Bodkin Arrow
30:21 Wheelbarrow
34:30 Town Watch
35:11 Hand Cart
35:48 Gold Shaft Mining
38:01 Masonry
Mann aus Sachsen
9:46 Feudal Age
10:12 Man-at-Arms
10:44 Double-Bit Axe
11:26 Horse Collar
20:40 Castle Age
19:05 Scale Mail Armor
20:20 Forging
21:52 Bow Saw
23:31 Wheelbarrow
23:29 Fletching
25:27 Bodkin Arrow
30:25 Heavy Plow
34:29 Imperial Age
32:38 Gold Mining
32:28 Crossbowman
Noir_Angel
1:05 Loom
5:10 Loom
12:26 Feudal Age
16:12 Castle Age
15:02 Double-Bit Axe
15:00 Horse Collar
23:59 Husbandry
24:08 Fletching
27:14 Light Cavalry
29:00 Scale Barding Armor
29:06 Forging
32:08 Wheelbarrow
31:18 Town Watch
32:26 Bow Saw
32:50 Fortified Wall
33:01 Bloodlines
36:05 Hand Cart
37:09 Chain Barding Armor
37:25 Iron Casting
36:59 Gold Mining
37:00 Stone Mining
36:56 Light Cavalry
37:51 Bodkin Arrow
38:45 Heavy Plow
Connection lost

Rejoining the realm…

Still unreachable

The connection could not be restored.

Session expired

The server has moved on; the page needs a fresh start.